 Dungeon Crawl Stone Soup version 0.27-a0-277-g024f7ef292 (webtiles) character file.

Game seed: 7238798313450868086

2264 Borgoz the Ruffian (level 9, -6/78 HPs)
             Began as a Ghoul Gladiator on Feb 5, 2021.
             Mangled by a tentacled starspawn (7 damage)
             ... on level 2 of the Abyss.
             The game lasted 00:08:26 (6889 turns).

Borgoz the Ruffian (Ghoul Gladiator)                Turns: 6889, Time: 00:08:26

Health: -6/78      AC:  8    Str: 18    XL:     9   Next: 38%
Magic:  0/8        EV: 13    Int:  3    God:
Gold:   338        SH:  0    Dex: 13    Spells: 8/8 levels left

rFire    + . .     SeeInvis .     - Unarmed
rCold    + + .     Faith    .   h - +0 buckler
rNeg     + + +     Spirit   +   l - +0 ring mail
rPois    ∞         Reflect  .   b - +0 helmet
rElec    +         Harm     .   w - +0 cloak
rCorr    +         Rampage  .   (no gloves)
Will     +....                  (no boots)
Stlth    ..........             n - amulet of guardian spirit
HPRegen  0.00/turn              A - ring of willpower
MPRegen  0.11/turn              (no ring)

@: confused, resistant
A: claws 1, cold resistance 1, negative energy resistance 3, inhibited
regeneration, torment resistance, unbreathing
a: no special abilities


You were on level 2 of the Abyss.
You visited 1 branch of the dungeon, and saw 7 of its levels.
You visited the Abyss 1 time.

You collected 338 gold pieces.

Inventory:

Missiles
 c - 3 throwing nets (quivered)
Armour
 a - a cursed +0 leather armour
 b - a +0 helmet (worn)
 h - a +0 buckler (worn)
 l - a +0 ring mail (worn)
 w - a +0 cloak (worn)
Jewellery
 f - an uncursed ring of ice
 n - an amulet of guardian spirit (around neck)
 y - an uncursed amulet of reflection
 A - a ring of willpower (left claw)
Wands
 u - a wand of mindburst (10)
 E - a wand of acid (7)
Scrolls
 k - a scroll of blinking
 m - a scroll of fog
 o - a scroll of fear
 q - 2 scrolls of remove curse
 r - a scroll of enchant weapon
 v - 3 scrolls of teleportation
Potions
 g - 3 potions of brilliance
 i - a potion of cancellation
 j - a potion of flight {unknown}
 s - a potion of heal wounds
 x - 4 potions of attraction
 z - a potion of curing
 D - a potion of magic


   Skills:
 + Level 6.5 Fighting
 - Level 1.7 Throwing
 + Level 4.9 Armour
 + Level 5.9 Dodging
 - Level 4.0 Shields
 + Level 6.9 Unarmed Combat


You had 8 spell levels left.
You didn't know any spells.
Your spell library was empty.

Dungeon Overview and Level Annotations

Branches:
Dungeon (7/15)
 Temple: D:4-7

Altars:
Trog
Xom
Yredelemnul

Shops:
D:5 (


Innate Abilities, Weirdness & Mutations

You thrive by killing the living.
You are immune to poison.
You have sharp fingernails.
Your flesh is cold resistant. (rC+)
You are immune to negative energy. (rN+++)
You do not regenerate when monsters are visible.
You are immune to unholy pain and torment.
You can survive without breathing.


Message History

You feel much better.
Tentacles burst from the starspawn's body!
The efreet hits you with a +0 scimitar of flaming!
The efreet burns you. 2 starspawn tentacles come into view.
You are confused.
You feel invigorated.
The tentacled starspawn completely misses you.
The tentacled starspawn engulfs you!
The efreet hits you with a +0 scimitar of flaming!
* * * LOW HITPOINT WARNING * * *
You scratch the efreet.
The efreet is severely wounded.
The tentacled starspawn barely misses you.
The tentacled starspawn engulfs you but does no damage.
You bump into the rock wall.
The efreet barely misses you. The tentacled starspawn bites you!!
* * * LOW HITPOINT WARNING * * *
The tentacled starspawn engulfs you!
You die...

#. .. .. .#. ..
.... .# .....
#. .####... #..
.w.Λ.. ##.#
###RX# ....
##h@###.#....
#.#......§##..
#.#.#.....#. ..
..#..#...#.####
## #.# ....##
..#...########
.#∩#.#........#
##.#.
###..###.###
####.#.... ..


You could see a tentacled starspawn, an efreet, a raiju and a starspawn
tentacle.

Vanquished Creatures
  A ynoxinul (Abyss:2)
  Duvessa (D:5)
  A centaur (D:6)
  A phantom (D:6)
  2 bullfrogs (D:6)
  Dowan (D:5)
  5 scorpions
  10 wights (D:6)
  3 killer bees (D:4)
  3 howler monkeys
  2 orc priests (D:6)
  A hound (D:6)
  A centaur skeleton (D:4)
  A bullfrog skeleton (D:6)
  3 iguanas
  Natasha (thrice) (D:3)
  3 orc wizards (D:3)
  7 worker ants
  3 gnolls
  7 adders
  A white imp (D:6)
  A worker ant simulacrum (D:7)
  An ufetubus (D:6)
  An ooze (D:6)
  A worm (D:2)
  A dart slug (D:3)
  4 leopard geckos
  10 orcs
  4 giant cockroaches
  7 goblins
  5 hobgoblins
  13 jackals
  6 kobolds
  5 quokkas
  3 ball pythons
  9 bats
  A frilled lizard (D:1)
  A leopard gecko skeleton (D:6)
  A leopard gecko zombie (D:5)
  A quokka skeleton (D:4)
  7 rats
142 creatures vanquished.

Vanquished Creatures (others)
  21 fungi (D:5)
  2 starspawn tentacles (Abyss:2)
23 creatures vanquished.

Grand Total: 165 creatures vanquished

Notes
Turn   | Place    | Note
-------+----------+-------------------------------------------
     0 | D:1      | Borgoz the Ghoul Gladiator began the quest for the Orb.
     0 | D:1      | Reached XP level 1. HP: 17/17 MP: 0/0
   292 | D:1      | Reached XP level 2. HP: 23/25 MP: 1/1
  1144 | D:2      | Noticed a howler monkey
  1152 | D:2      | Reached XP level 3. HP: 24/30 MP: 2/2
  1165 | D:2      | Reached skill level 1 in Armour
  1165 | D:2      | Reached XP level 4. HP: 23/37 MP: 3/3
  1258 | D:1      | Reached skill level 1 in Shields
  1763 | D:2      | Reached XP level 5. HP: 42/45 MP: 4/4
  2122 | D:3      | Found a faded altar of an unknown god.
  2336 | D:3      | Noticed Natasha
  2347 | D:3      | Killed Natasha
  2348 | D:3      | Reached XP level 6. HP: 22/51 MP: 3/5
  2422 | D:3      | Noticed Natasha
  2433 | D:3      | Killed Natasha
  2568 | D:3      | Noticed Natasha
  2578 | D:3      | Killed Natasha
  3226 | D:4      | Found a shimmering altar of Xom.
  3529 | D:4      | Reached XP level 7. HP: 44/59 MP: 4/6
  3650 | D:4      | Reached skill level 5 in Unarmed Combat
  4175 | D:5      | Entered Level 5 of the Dungeon
  4268 | D:5      | Noticed Dowan
  4269 | D:5      | Noticed Duvessa
  4290 | D:5      | Killed Duvessa
  4305 | D:5      | Killed Dowan
  4618 | D:5      | Found a basalt altar of Yredelemnul.
  4683 | D:5      | Reached XP level 8. HP: 67/67 MP: 7/7
  4786 | D:5      | Reached skill level 5 in Fighting
  5181 | D:5      | Found Uzelizuz's Antique Weapon Emporium.
  5442 | D:6      | Reached skill level 5 in Dodging
  6117 | D:6      | Reached XP level 9. HP: 66/75 MP: 8/8
  6722 | D:6      | Found a bloodstained altar of Trog.
  6802 | D:7      | Noticed a wizard
  6808 | D:7      | Cast into level 2 of the Abyss (a wizard)
  6870 | Abyss:2  | Noticed an efreet
  6873 | Abyss:2  | Noticed a tentacled starspawn
  6889 | Abyss:2  | HP: 1/78 [tentacled starspawn (20)]
  6889 | Abyss:2  | Mangled by a tentacled starspawn

Illustrated notes

Levels and vault maps discovered:
D:1:      onia_arrival_mini_maze, layout_basic
D:2:      layout_rooms
D:3:      layout_rooms, chequers_ecumenical_altar_island,
          chequers_serial_rivers_room_b, uniq_natasha
D:4:      layout_cave_pools, serial_glass, glass_columns_c, glass_columns_b,
          minmay_strange_pillars, item_on_display_a, feat_on_display,
          minmay_misc_feat_columns, xom_teletrap_fun
D:5:      old_forge, layout_loops_cross, old_standard_altar, serial_shops,
          kennysheep_little_box, solitary_fountain, uniq_duvessa
D:6:      layout_basic, basic_altar
D:7:      minmay_klotski, layout_rooms, nicolae_overflow_hidden_temple,
          minmay_temple_entry_wispy, enter_bailey_2, basic_altar,
          small_statue_intersection, hangedman_decor_riveting
Abyss:2:  base:
Temple

Skill      XL: |  1  2  3  4  5  6  7  8 |
---------------+-------------------------+-----
Dodging        | 3 4 5 |  5.9
Armour         | 1 2 3 4 |  4.9
Shields        | 1 2 3 4 |  4.0
Fighting       | 3 4 6 |  6.5
Unarmed Combat | 4 5 6 |  6.9
Throwing       | |  1.7

Action                   |  1- 3 |  4- 6 |  7- 9 || total
-------------------------+-------+-------+-------++-------
Melee: Unarmed           |    78 |   235 |   402 ||   715
Evoke: Wand              |       |       |     2 ||     2
  Use: Scroll            |       |     8 |    13 ||    21
       Potion            |       |     2 |     8 ||    10
Armor: Leather armour    |    29 |    40 |       ||    69
       Ring mail         |       |    18 |    98 ||   116
Dodge: Dodged            |    51 |   145 |   206 ||   402
Block: Buckler           |     2 |    42 |   159 ||   203

Table legend: (Time is in decaauts)
 A = Elapsed time spent in this place.
 B = Non-inter-level travel time spent in this place.
 C = Inter-level travel time spent in this place.
 D = Time resting spent in this place.
 E = Time spent auto-exploring this place.
 F = Levels seen in this place.
 G = Mean time per level.
                   A        B        C        D        E       F      G
               +--------+--------+--------+--------+--------+-----+--------+
         Total |   6845 |   6672 |    173 |   1314 |   4015 |   8 |  855.6 |
       Dungeon |   6768 |   6595 |    173 |   1314 |   4015 |   7 |  966.9 |
         Abyss |     77 |     77 |      0 |      0 |      0 |   1 |   77.0 |
               +--------+--------+--------+--------+--------+-----+--------+

Top non-repeatable levels by time:
     D:6: 1429 daAuts
     D:1: 1421 daAuts
     D:4: 1184 daAuts
     D:5: 1146 daAuts
     D:3: 864 daAuts
     D:2: 699 daAuts
 Abyss:2: 77 daAuts
     D:7: 23 daAuts
